 Dungeon Crawl Stone Soup version 0.31-a0-177-g4aa6249778 (webtiles) character file.

Game seed: 16757999532962224455

5068 qw the Cleaver (level 10, -2/64 HPs)
             Began as a Gargoyle Fighter on June 18, 2023.
             Was a Believer of Okawaru.
             Slain by a steam dragon (3 damage)
             ... on level 9 of the Dungeon.
             The game lasted 00:04:47 (8290 turns).

qw the Cleaver (Gargoyle Fighter)                   Turns: 8290, Time: 00:04:48

Health: -2/64      AC: 31    Str: 29    XL:     10   Next: 56%
Magic:  12/13      EV:  9    Int: 10    God:    Okawaru [**....]
Gold:   284        SH:  6    Dex:  9    Spells: 9/9 levels left

rFire   . . .        Y - +0 war axe (drain)
rCold   . . .        c - +0 buckler
rNeg    + . .        g - +0 plate armour
rPois   inf          f - +0 helmet
rElec   +            o - +0 cloak
rCorr   .            w - +0 pair of gloves
SInv    .            (no boots)
Will    .....        (no amulet) Stlth
                     r - +6 ring of strength
HPRegen 0.30/turn    j - +4 ring of protection
MPRegen 0.13/turn

%: no passive effects
@: about to teleport, heroic
A: sickness immunity, AC +7, negative energy resistance 1, electricity
resistance, torment resistance 1, petrification resistance
a: Renounce Religion, Heroism


You were on level 9 of the Dungeon.
You worshipped Okawaru.
Okawaru was pleased with you.
You visited 2 branches of the dungeon, and saw 10 of its levels.

You collected 554 gold pieces.
You spent 270 gold pieces at shops.


Innate Abilities, Weirdness & Mutations

You are immune to sickness and miasma.
Your stone body is resilient. (AC +7)
You are immune to poison.
You resist negative energy. (rN+)
You are resistant to electric shocks. (rElec)
You are resistant to unholy torment.
You are immune to petrification.


   Skills:
 - Level 8.0(13.0) Fighting
 - Level 10.1(15.1) Axes
 - Level 1.0(6.0) Throwing
 - Level 7.8(12.8) Armour
 - Level 1.6(6.6) Dodging
 + Level 4.7(9.7) Shields
 - Level 4.0 Invocations


You had 9 spell levels left.
You didn't know any spells.
Your spell library was empty.

Inventory:

Hand Weapons
 e - a +2 flail of protection
 p - the +7 war axe "Geumi" {elec, Fragile rPois rF+ rN+++}
   (You found it on level 4 of the Dungeon)

   rF:        It protects you from fire.
   rPois:     It protects you from poison.
   rN:        It renders you almost immune to negative energy.
   Fragile:   It will be destroyed if unequipped.
 t - the +6 morningstar "Konkolawi" {antimagic, rF+ Dex+2}
   (You bought it in a shop on level 7 of the Dungeon)

   Dex:       It affects your dexterity (+2).
   rF:        It protects you from fire.
 x - a +0 war axe
 Y - a +0 war axe of draining (weapon)
Missiles
 i - a boomerang (quivered)
Armour
 c - a +0 buckler (worn)
 f - a +0 helmet (worn)
 g - a +0 plate armour (worn)
 o - a +0 cloak (worn)
 w - a +0 pair of gloves (worn)
Jewellery
 b - a ring of fire
 j - a +4 ring of protection (right hand)
 q - a ring of protection from fire
 r - a +6 ring of strength (left hand)
Scrolls
 k - a scroll of teleportation
 m - 4 scrolls of identify
 s - a scroll of enchant weapon {unknown}
Potions
 a - a potion of cancellation
 d - 2 potions of might
 h - a potion of haste
 l - a potion of mutation
 n - a potion of attraction {unknown}
 u - a potion of heal wounds {unknown}
 v - a potion of enlightenment

Dungeon Overview and Level Annotations

Branches:
Dungeon (9/15)             Temple (1/1) D:4
   Lair: D:8-11         Orc: D:9-12

Altars:
Ashenzari
Cheibriados
Dithmenos
Elyvilon
Fedhas
Gozag
Hepliaklqana
Kikubaaqudgha
Nemelex Xobeh
Okawaru
Qazlal
Ru
Sif Muna
Trog
Uskayaw
Vehumet
Wu Jian
Xom
Yredelemnul
The Shining One

Shops:
D:7 ((

Annotations:
D:3 2 runed translucent doors, exclusions: 2 hounds and 3 howler monkeys, qw's ghost, weakling GrHu


Message History

The gnoll sergeant completely misses you.
The gnoll completely misses you. The orc priest barely misses you.
You closely miss the orc priest.
The orc priest is moderately wounded.
You slash the gnoll!
You hit the gnoll sergeant but do no damage.
You drain the gnoll sergeant.
The gnoll sergeant completely misses you.
The orc priest mumbles some strange prayers to Beogh against you.
Beogh smites you! The gnoll hits you but does no damage.
The orc hits you from afar with a +0 trident.
You slash the gnoll!
You kill the gnoll!
Okawaru accepts your kill.
You closely miss the orc priest. You hit the gnoll sergeant.
You drain the gnoll sergeant. You slice the gnoll sergeant!!
You kill the gnoll sergeant!
Okawaru accepts your kill.
You slash the orc priest!
You kill the orc priest!
Okawaru accepts your kill.
The centaur shoots an arrow.
The arrow hits you. The steam dragon breathes steam at you.
The ball of steam hits you!! The orc hits you but does no damage.
8289 ||| READING 2 scrolls of teleportation.
As you read the scroll of teleportation, it crumbles to dust.
You feel strangely unstable.
You are engulfed in a cloud of scalding steam.
The centaur shoots an arrow.
You block the arrow. The gnoll hits you with a +0 flail.
The orc closely misses you.
You slash the steam dragon!
The steam dragon is heavily wounded.
You closely miss the gnoll. You closely miss the centaur.
You are engulfed in a cloud of scalding steam.
The centaur unwields a +0 orcbow.
The centaur hits you but does no damage.
The centaur kicks you but does no damage.
The steam dragon bites you.
You die...

##....# ....#...
#########....##..
.....#...
#................
......#...
#............##...
#... #............#
####### #......#######
.......
#......##.¤¤.##g...|..
#......#....¤¤#g......
#......'......@Do.....
#......#.....)#c!?....
#......#......#.......
######################


You could see a steam dragon (catching breath), a centaur, 2 gnolls and an orc.

Vanquished Creatures
  Erica (D:8)
  Pikel (D:7)
  Maggie (D:7)
  A shadow (D:8)
  A vampire (D:7)
  A wyvern (D:7)
  A steam dragon (D:8)
  A water moccasin (D:7)
  An ice beast (D:7)
  3 orc warriors
  3 sky beasts
  A black bear (D:7)
  3 ogres
  5 centaurs
  2 lemures (D:7)
  A kobold brigand (D:8)
  3 bullfrogs
  A gnoll sergeant (D:9)
  3 scorpions (D:6)
  3 howler monkeys
  5 hounds
  2 jellies
  2 orc priests
  A sleepcap (D:5)
  3 iguanas
  5 orc wizards
  29 gnolls
  10 adders
  2 shadow imps
  6 worms
  A dart slug (D:2)
  49 orcs
  4 ball pythons
  10 endoplasms
  2 giant cockroaches (D:1)
  8 goblins
  7 hobgoblins
  14 jackals
  9 kobolds
  2 bats (D:3)
  A frilled lizard (D:2)
  6 rats
215 creatures vanquished.

Notes
Turn   | Place    | Note
-------+----------+-------------------------------------------
     0 | D:1      | qw the Gargoyle Fighter began the quest for the Orb.
     0 | D:1      | Reached XP level 1. HP: 14/14 MP: 1/1
     0 | D:1      | 0 ||| qw: Version: 0.3-a-7-ge0c9b40
     0 | D:1      | 0 ||| qw: Game counter: 777
     0 | D:1      | 0 ||| qw: Always use a shield: true
     0 | D:1      | 0 ||| qw: God list: Okawaru
     0 | D:1      | 0 ||| qw: Allow faded altars: false
     0 | D:1      | 0 ||| qw: Do Orc after D:15 true
     0 | D:1      | 0 ||| qw: Do second Lair branch before Depths: true
     0 | D:1      | 0 ||| qw: Lair rune preference: random
     0 | D:1      | 0 ||| qw: Plans: Normal, Zot:1-4, Slime:5, God:TSO, Crypt,
                  | Tomb, Abyss, Pan, Hells, Win
     0 | D:1      | 0 ||| PLANNING D:1-11
    44 | D:1      | Reached skill level 2 in Axes
   255 | D:1      | Reached XP level 2. HP: 19/19 MP: 2/2
   790 | D:1      | 790 ||| UPGRADING to +0 helmet.
   795 | D:1      | 795 ||| UPGRADING to +0 plate armour.
   805 | D:1      | 805 ||| DROPPING +0 scale mail.
   806 | D:1      | 806 ||| UPGRADING to +4 ring of protection.
   870 | D:2      | Reached skill level 3 in Axes
   935 | D:2      | Reached XP level 3. HP: 23/23 MP: 3/3
   953 | D:2      | Found a faded altar of an unknown god.
  1346 | D:2      | Reached XP level 4. HP: 28/28 MP: 4/4
  1485 | D:2      | 1485 ||| READING scroll labelled QUF VI UCVUOVE.
  1502 | D:2      | 1502 ||| DRINKING 2 fizzy black potions.
  1506 | D:2      | 1506 ||| DROPPING potion of ambrosia.
  1553 | D:3      | Reached skill level 4 in Axes
  1860 | D:3      | 1860 ||| Stepping ~*~*~tactically~*~*~ (hiding).
  1946 | D:3      | 1946 ||| DROPPING +0 mace.
  1992 | D:3      | Reached XP level 5. HP: 31/32 MP: 5/5
  2043 | D:3      | 2043 ||| Stepping ~*~*~tactically~*~*~ (hiding).
  2056 | D:3      | Noticed an ogre
  2057 | D:3      | 2057 ||| FLEEEEING.
  2058 | D:3      | 2058 ||| FLEEEEING.
  2064 | D:3      | 2064 ||| FLEEEEING.
  2065 | D:3      | 2065 ||| FLEEEEING.
  2070 | D:3      | 2070 ||| FLEEEEING.
  2079 | D:3      | HP: 7/32 [ogre/+0 giant spiked club (15)]
  2080 | D:3      | Killed an ogre
  2081 | D:3      | Reached skill level 5 in Axes
  2081 | D:3      | Reached XP level 6. HP: 9/37 MP: 6/6
  2205 | D:3      | 2205 ||| Stepping ~*~*~tactically~*~*~ (stealth).
  2265 | D:3      | HP: 5/38 [gnoll/+2 flail of protection (7)]
  2265 | D:3      | HP: 2/38 [gnoll/+2 flail of protection (3)]
  2321 | D:3      | 2321 ||| Stepping ~*~*~tactically~*~*~ (stealth).
  2401 | D:3      | 2401 ||| DROPPING +0 flail.
  2479 | D:3      | 2479 ||| Stepping ~*~*~tactically~*~*~ (hiding).
  2482 | D:3      | 2482 ||| Stepping ~*~*~tactically~*~*~ (hiding).
  2489 | D:3      | Reached skill level 6 in Axes
  2654 | D:3      | 2654 ||| Stepping ~*~*~tactically~*~*~ (hiding).
  2655 | D:3      | 2655 ||| Stepping ~*~*~tactically~*~*~ (hiding).
  2744 | D:3      | 2744 ||| Stepping ~*~*~tactically~*~*~ (stealth).
  2745 | D:3      | 2745 ||| Stepping ~*~*~tactically~*~*~ (stealth).
  2753 | D:3      | Found a white marble altar of Elyvilon.
  2753 | D:3      | Found a bloodstained altar of Trog.
  2753 | D:3      | Found a glowing golden altar of the Shining One.
  2858 | D:3      | Reached XP level 7. HP: 43/43 MP: 7/7
  2903 | D:3      | 2903 ||| UPGRADING to +0 cloak.
  3118 | D:3      | Found a large runed translucent door.
  3118 | D:3      | Found a large runed translucent door.
  3120 | D:3      | Noticed qw's ghost (weakling GrHu)
  3324 | D:3      | 3324 ||| UPGRADING to ring of protection from fire.
  3325 | D:3      | 3325 ||| READING 3 scrolls labelled ROIM TORUCU.
  3326 | D:3      | 3326 ||| READING scroll labelled UCADERENOT.
  3327 | D:3      | 3327 ||| DRINKING 2 blue potions.
  3328 | D:3      | 3328 ||| READING 2 scrolls of identify.
  3328 | D:3      | 3328 ||| IDENTIFYING fuming silvery potion
  3350 | D:4      | Identified the +7 war axe "Geumi" {elec, Fragile rPois rF+
                  | rN+++}
  4167 | D:4      | Reached skill level 7 in Axes
  4366 | D:4      | 4366 ||| UPGRADING to +0 pair of gloves.
  4371 | D:4      | 4371 ||| UPGRADING to +6 ring of strength.
  4373 | D:4      | 4373 ||| UPGRADING to +4 ring of protection.
  4375 | D:4      | 4375 ||| READING 2 scrolls labelled OCVOBEFIMU.
  4376 | D:4      | 4376 ||| READING scroll labelled FILOESMEIGH.
  4379 | D:4      | 4379 ||| DRINKING 2 inky potions.
  4380 | D:4      | 4380 ||| DRINKING 2 amethyst potions.
  4381 | D:4      | 4381 ||| DROPPING potion of degeneration.
  4382 | D:4      | 4382 ||| DROPPING scroll of fog.
  4437 | D:5      | Entered Level 5 of the Dungeon
  4510 | D:5      | 4510 ||| Stepping ~*~*~tactically~*~*~ (stealth).
  4603 | D:5      | Reached skill level 1 in Throwing
  4830 | D:5      | Reached XP level 8. HP: 48/48 MP: 8/8
  4923 | D:5      | 4923 ||| READING scroll labelled YNAGYK MIV.
  5024 | D:5      | 5024 ||| READING scroll labelled AKESOY COTRIUH.
  5025 | D:5      | 5025 ||| READING scroll labelled XORCHU VEUTYU.
  5026 | D:5      | 5026 ||| READING 2 scrolls of identify.
  5026 | D:5      | 5026 ||| IDENTIFYING red potion
  5027 | D:5      | 5027 ||| DROPPING potion of invisibility.
  5035 | D:5      | 5035 ||| STAIRDANCE
  5036 | D:4      | Found a staircase to the Ecumenical Temple.
  5037 | D:4      | 5037 ||| PLANNING TEMPLE
  5046 | Temple   | Entered the Ecumenical Temple
  5059 | Temple   | 5059 ||| PLANNING OKAWARU WORSHIP
  5341 | Temple   | Became a worshipper of Warmaster Okawaru
  5342 | Temple   | 5342 ||| PLANNING D:1-11
  5440 | D:5      | Reached skill level 1 in Dodging
  5537 | D:5      | 5537 ||| READING scroll labelled RECATH UNWOSE.
  5538 | D:5      | 5538 ||| READING scroll labelled DYWOH WARRO.
  5571 | D:6      | 5571 ||| STAIRDANCE
  5701 | D:6      | Found a shimmering altar of Xom.
  5792 | D:6      | 5792 ||| Stepping ~*~*~tactically~*~*~ (hiding).
  5992 | D:6      | Reached skill level 8 in Axes
  5992 | D:6      | 5992 ||| Stepping ~*~*~tactically~*~*~ (hiding).
  6175 | D:6      | Reached * piety under Okawaru
  6231 | D:6      | Reached skill level 6 in Fighting
  6286 | D:6      | Found a blossoming altar of Fedhas.
  6345 | D:6      | Reached skill level 1 in Invocations
  6375 | D:6      | 6375 ||| READING scroll labelled BOIDUR NIAMA.
  6376 | D:6      | 6376 ||| READING scroll labelled NIODEG LYAGATA.
  6377 | D:6      | 6377 ||| READING 2 scrolls of identify.
  6377 | D:6      | 6377 ||| IDENTIFYING bubbling golden potion
  6399 | D:7      | Noticed Pikel
  6400 | D:7      | 6400 ||| INVOKING Heroism.
  6413 | D:7      | Killed Pikel
  6414 | D:7      | Reached skill level 9 in Axes
  6414 | D:7      | Reached XP level 9. HP: 42/55 MP: 7/9
  6429 | D:7      | 6429 ||| STAIRDANCE
  6460 | D:7      | 6460 ||| Stepping ~*~*~tactically~*~*~ (stealth).
  6461 | D:7      | 6461 ||| Stepping ~*~*~tactically~*~*~ (stealth).
  6494 | D:7      | 6494 ||| Stepping ~*~*~tactically~*~*~ (hiding).
  6495 | D:7      | 6495 ||| Stepping ~*~*~tactically~*~*~ (hiding).
  6540 | D:6      | Found a sparkling altar of Nemelex Xobeh.
  6572 | D:7      | Found Toor's Antique Weapon Shop.
  6577 | D:7      | 6577 ||| BUYING bloodstained morningstar (225 gold).
  6577 | D:7      | Bought a bloodstained morningstar for 225 gold pieces
  6577 | D:7      | Identified the +6 morningstar "Konkolawi" {antimagic, rF+
                  | Dex+2} (You bought it in a shop on level 7 of the Dungeon)
  6617 | D:7      | Reached skill level 3 in Invocations
  6618 | D:7      | 6618 ||| INVOKING Heroism.
  6639 | D:7      | Reached skill level 6 in Armour
  6649 | D:7      | 6649 ||| FLEEEEING.
  6651 | D:7      | 6651 ||| FLEEEEING.
  6652 | D:7      | 6652 ||| FLEEEEING.
  6659 | D:7      | 6659 ||| Stepping ~*~*~tactically~*~*~ (stealth).
  6662 | D:7      | 6662 ||| Stepping ~*~*~tactically~*~*~ (stealth).
  6664 | D:7      | 6664 ||| Stepping ~*~*~tactically~*~*~ (stealth).
  6687 | D:7      | Reached ** piety under Okawaru
  6688 | D:7      | 6688 ||| FLEEEEING.
  6689 | D:7      | 6689 ||| FLEEEEING.
  6690 | D:7      | 6690 ||| FLEEEEING.
  6691 | D:7      | 6691 ||| FLEEEEING.
  6692 | D:7      | 6692 ||| FLEEEEING.
  6693 | D:7      | 6693 ||| FLEEEEING.
  6694 | D:7      | 6694 ||| FLEEEEING.
  6695 | D:7      | 6695 ||| FLEEEEING.
  6696 | D:7      | 6696 ||| FLEEEEING.
  6697 | D:7      | 6697 ||| FLEEEEING.
  6698 | D:7      | 6698 ||| FLEEEEING.
  6699 | D:7      | 6699 ||| FLEEEEING.
  6700 | D:7      | 6700 ||| FLEEEEING.
  6701 | D:7      | 6701 ||| FLEEEEING.
  6702 | D:7      | 6702 ||| STAIRDANCE
  6721 | D:6      | 6721 ||| READING scroll labelled ITUSAU SAOTT.
  6818 | D:7      | 6818 ||| Stepping ~*~*~tactically~*~*~ (stealth).
  6848 | D:7      | 6848 ||| Stepping ~*~*~tactically~*~*~ (stealth).
  6849 | D:7      | 6849 ||| Stepping ~*~*~tactically~*~*~ (stealth).
  6863 | D:7      | 6863 ||| FLEEEEING.
  6912 | D:7      | Found a shimmering blue altar of Sif Muna.
  6999 | D:7      | Found Oplam's Weapon Emporium.
  7005 | D:7      | 7005 ||| BUYING +0 war axe (45 gold).
  7005 | D:7      | Bought a +0 war axe for 45 gold pieces
  7005 | D:7      | 7005 ||| DROPPING +0 hand axe.
  7128 | D:7      | Noticed Maggie
  7142 | D:7      | Killed Maggie
  7143 | D:7      | Reached XP level 10. HP: 58/63 MP: 13/13
  7300 | D:8      | 7300 ||| Stepping ~*~*~tactically~*~*~ (stealth).
  7301 | D:8      | 7301 ||| INVOKING Heroism.
  7306 | D:8      | Reached skill level 10 in Axes
  7463 | D:8      | 7463 ||| Stepping ~*~*~tactically~*~*~ (stealth).
  7464 | D:8      | 7464 ||| Stepping ~*~*~tactically~*~*~ (stealth).
  7473 | D:8      | 7473 ||| Stepping ~*~*~tactically~*~*~ (hiding).
  7506 | D:8      | Noticed Erica
  7507 | D:8      | 7507 ||| INVOKING Heroism.
  7509 | D:8      | 7509 ||| DRINKING potion of curing.
  7509 | D:8      | 7509 ||| (to cure confusion)
  7518 | D:8      | Killed Erica
  7534 | D:8      | 7534 ||| Stepping ~*~*~tactically~*~*~ (stealth).
  7536 | D:8      | 7536 ||| Stepping ~*~*~tactically~*~*~ (stealth).
  7538 | D:8      | 7538 ||| Stepping ~*~*~tactically~*~*~ (hiding).
  7581 | D:8      | 7581 ||| INVOKING Heroism.
  7762 | D:8      | 7762 ||| Stepping ~*~*~tactically~*~*~ (hiding).
  7766 | D:8      | 7766 ||| Stepping ~*~*~tactically~*~*~ (hiding).
  8190 | D:8      | 8190 ||| READING 2 scrolls of identify.
  8190 | D:8      | 8190 ||| IDENTIFYING sedimented black potion
  8209 | D:9      | 8209 ||| INVOKING Heroism.
  8281 | D:9      | 8281 ||| INVOKING Heroism.
  8288 | D:9      | HP: 10/64 [steam dragon/ball of steam (21)]
  8289 | D:9      | 8289 ||| READING 2 scrolls of teleportation.
  8289 | D:9      | HP: 1/64 [gnoll/+0 flail[a gnoll sergeant] (5)]
  8290 | D:9      | Slain by a steam dragon

Levels and vault maps discovered:
D:1:      nicolae_arrival_memento_mori, layout_basic,
          dreamdust_mushroom_princess
D:2:      layout_basic, hellmonk_ecumenical_altar_crossroads
D:3:      lemuel_castle_with_subvaults [lemuel_castle_interior_carwin_3],
          layout_basic, gammafunk_temple_overflow_claw,
          ebering_ghost_disaster_area, nicolae_kite_square_tiling_tiny
D:4:      layout_loops_corners, minmay_temple_entry_from_below_b, st_stairs_10
D:5:      layout_gridville
D:6:      layout_loops_ring, nicolae_overflow_hidden_temple, serial_glass,
          glass_columns_a, glass_columns_a, small_statue_intersection
D:7:      layout_cave_pools, mainiacjoe_overflow_alcove_4, serial_shops,
          shop_statue, nicolae_shop_rolling_square, uniq_maggie, uniq_pikel
D:8:      layout_loops_ring, uniq_erica
D:9:      layout_gridville, zin_statuary, minmay_misc_feat_rows,
          serial_bayou_ford_a, minmay_misc_feat_five, grunt_decor_junction
Temple:   oiseaux_autumnal_temple

Skill      XL: |  1  2  3  4  5  6  7  8  9 10 |
---------------+-------------------------------+-----
Axes           | 2 3 4 5 6 7 9 10 | 10.1
Fighting       | 4 6 7 8 |  8.0
Armour         | 4 5 6 7 |  7.8
Throwing       | 1 |  1.0
Dodging        | 1 |  1.6
Invocations    | 1 4 |  4.0
Shields        | 4 |  4.7

Action                     |  1- 3 |  4- 6 |  7- 9 | 10-12 || total
---------------------------+-------+-------+-------+-------++-------
  Melee: War axe           |   104 |   182 |   336 |   111 ||   733
  Throw: Javelin           |       |       |    17 |       ||    17
         Boomerang         |       |       |    25 |    16 ||    41
 Invoke: Heroism           |       |       |     2 |     5 ||     7
    Use: Scroll            |       |     1 |    15 |     2 ||    18
         Potion            |       |     1 |     3 |     1 ||     5
 Armour: Scale mail        |    16 |       |       |       ||    16
         Plate armour      |    52 |   139 |   252 |    75 ||   518
  Dodge: Dodged            |    28 |    64 |   103 |    48 ||   243
  Block: Buckler           |    17 |    47 |    54 |    24 ||   142

Table legend:
 A = Non-vault XP
 B = Vault XP
 C = Vault XP percentage of total XP
 D = Non-vault monster count
 E = Vault monster count
 F = Vault count percentage of total count
                 A         B        C        D         E       F
            +---------+---------+-------+---------+---------+-------
      Total |    4767 |    2473 |  34.2 |     156 |      57 |  26.8
            +---------+---------+-------+---------+---------+-------
        D:1 |      18 |       0 |   0.0 |      10 |       0 |   0.0
        D:2 |      69 |       0 |   0.0 |      20 |       0 |   0.0
        D:3 |      55 |     615 |  91.8 |      15 |      52 |  77.6
        D:4 |     292 |       3 |   1.0 |      20 |       2 |   9.1
        D:5 |     364 |       0 |   0.0 |      17 |       0 |   0.0
        D:6 |     859 |       0 |   0.0 |      19 |       0 |   0.0
        D:7 |    1550 |    1011 |  39.5 |      19 |       2 |   9.5
        D:8 |    1157 |     844 |  42.2 |      26 |       1 |   3.7
        D:9 |     403 |       0 |   0.0 |      10 |       0 |   0.0
            +---------+---------+-------+---------+---------+-------
